 Dungeon Crawl Stone Soup version 0.29-a0-529-gfa20dd96a1 (webtiles) character file.

Game seed: 9624123012328752696

15603 zeratav the Blocker (level 12, -3/104 HPs)
             Began as a Naga Fighter on June 1, 2022.
             Was a High Priest of Hepliaklqana.
             Slain by an elephant (10 damage)
             ... on level 2 of the Lair of Beasts.
             The game lasted 00:45:36 (14642 turns).

zeratav the Blocker (Naga Fighter)                 Turns: 14642, Time: 00:45:37

Health: -3/104     AC: 16    Str: 25    XL:     12   Next: 28%
Magic:  12/12      EV:  9    Int: 10    God:    Hepliaklqana [*****.]
Gold:   840        SH:  8    Dex: 10    Spells: 11/11 levels left

rFire   . . .      SeeInvis +   O - +8 flail of Utziujust {flame, Int+2, mace}
rCold   . . .      Faith    .   J - +2 buckler
rNeg    . . .      Spirit   .   V - +1 chain mail {Will+}
rPois   +          Reflect  .   U - +0 helmet
rElec   .          Harm     .   (no cloak)
rCorr   .          Rampage  .   y - +0 pair of gloves
Will    ++...                   (no barding)
Stlth   +.........              e - amulet of the acrobat
HPRegen 0.27/turn               m - +4 ring of protection
MPRegen 0.13/turn               n - +4 ring of evasion

@: very slow
A: reduced essence, AC +4, large, see invisible, deformed body, poison
resistance, slowness 2, spit poison 1, naga tail 1
a: Spit Poison, Renounce Religion, Recall Ancestor, Ancestor Identity,
Transference, Idealise


You were on level 2 of the Lair of Beasts.
You worshipped Hepliaklqana.
Hepliaklqana was extremely pleased with you.
You visited 2 branches of the dungeon, and saw 14 of its levels.
You also visited: Bailey.

You collected 840 gold pieces.


Innate Abilities, Weirdness & Mutations

Your life essence is reduced to manifest your ancestor. (-10% HP)
Your serpentine skin is tough. (AC +4)
You have supernaturally acute eyesight. (SInv)
Armour fits poorly on your strangely shaped body.
Your system is resistant to poisons. (rPois)
You cover ground very slowly.
You can spit poison.
You have a snake-like lower body.


   Skills:
 - Level 10.0 Fighting
 - Level 7.1(8.3) Axes
 + Level 6.5(8.0) Maces & Flails
 - Level 2.4 Armour
 - Level 10.0 Stealth
 - Level 10.0 Shields
 - Level 8.0 Evocations


You had 11 spell levels left.
You didn't know any spells.
Your spell library contained the following spells:

 Spells                   Type           Power      Damage    Failure   Level
 Beastly Appendage        Tmut           0%         N/A       97%         1
 Ensorcelled Hibernation  Hex/Ice        0%         N/A       99%         2
 Passwall                 Tmut/Erth      0%         N/A       99%         2
 Static Discharge         Conj/Air       0%         N/A       99%         2
 Wereblood                Tmut           0%         N/A       99%         2
 Spider Form              Tmut/Pois      0%         N/A       100%        3
 Swiftness                Air            0%         N/A       100%        3
 Dispel Undead            Necr           0%         3d6       100%        4
 Sticky Flame             Conj/Fire      0%         2d3       100%        4
 Iskenderun's Battlesphe  Conj           0%         2d6       100%        5
 Iron Shot                Conj/Erth      0%         9d1       100%        6
 Spellforged Servitor     Conj/Summ      0%         N/A       100%        7

Inventory:

Hand Weapons
 O - the +8 flail of Utziujust (weapon) {flame, Int+2, mace}
   (You took it off an orc warrior on level 8 of the Dungeon)

   It burns those it strikes, dealing additional fire damage.
   Int:       It affects your intelligence (+2).
 Q - the +9 mace of Gluttony {vorpal, rF+ Str-2 Int+2 Dex+2, mace}
   (You found it in a bailey)

   It inflicts extra damage upon your enemies.
   Str:       It affects your strength (-2).
   Int:       It affects your intelligence (+2).
   Dex:       It affects your dexterity (+2).
   rF:        It protects you from fire.
Armour
 y - a +0 pair of gloves (worn)
   (You found it on level 3 of the Dungeon)
 J - a +2 buckler (worn)
   (You found it on level 4 of the Dungeon)
 S - a +0 buckler of fire resistance
   (You found it in a bailey)
 U - a +0 helmet (worn)
   (You found it on level 9 of the Dungeon)
 V - a +1 chain mail of willpower (worn)
   (You found it in a bailey)
Jewellery
 a - a ring of willpower
   (You found it on level 10 of the Dungeon)
 e - an amulet of the acrobat (around neck)
   (You found it on level 1 of the Dungeon)
 m - a +4 ring of protection (left hand)
   (You found it on level 1 of the Dungeon)
 n - a +4 ring of evasion (right hand)
   (You found it on level 2 of the Dungeon)
 A - a ring of wizardry
   (You found it on level 3 of the Dungeon)
 G - a ring of ice
   (You found it on level 10 of the Dungeon)
 H - a ring of flight
   (You found it on level 4 of the Dungeon)
 K - a ring of protection from fire
   (You found it on level 5 of the Dungeon)
 N - a ring of protection from fire
   (You found it on level 11 of the Dungeon)
Wands
 c - a wand of paralysis (3)
   (You found it on level 1 of the Lair of Beasts)
 p - a wand of acid (10)
   (You found it on level 2 of the Dungeon)
 s - a wand of digging (9)
   (You found it on level 9 of the Dungeon)
 F - a wand of iceblast (6)
   (You found it on level 6 of the Dungeon)
 L - a wand of flame (18)
   (You took it off a gnoll on level 5 of the Dungeon)
Scrolls
 f - 6 scrolls of teleportation {@r4}
 h - 6 scrolls of enchant weapon
 i - 3 scrolls of magic mapping {!r}
 r - a scroll of blinking {!r}
 t - a scroll of torment {unknown}
 u - a scroll of amnesia
 B - 2 scrolls of vulnerability {!r!r}
 D - a scroll of enchant armour
 E - 4 scrolls of fear
 I - 2 scrolls of poison
 P - a scroll of summoning
 R - a scroll of immolation {!r!r}
 W - a scroll of noise {unknown}
Potions
 b - 2 potions of invisibility {unknown}
 d - 3 potions of might
 g - 3 potions of heal wounds {unknown}
 j - 3 potions of resistance {unknown}
 k - 9 potions of curing {@q1}
 l - a potion of degeneration {unknown}
 o - 2 potions of berserk rage {unknown}
 q - a potion of magic {unknown}
 v - 3 potions of lignification {unknown}
 w - a potion of flight {unknown}
 x - 2 potions of cancellation {unknown}
 z - a potion of ambrosia {unknown}
 T - a potion of brilliance {unknown}
 Y - 4 potions of mutation {unknown}
 Z - 2 potions of attraction {unknown}

Dungeon Overview and Level Annotations

Branches:
Dungeon (12/15)            Temple (0/1) D:5            Lair (2/6) D:10
    Orc (0/2) D:9          Bailey (visited)
  Swamp: Lair:2-4    Shoals: Lair:2-4     Snake: Lair:2-4    Spider: Lair:2-4

Altars:
Ashenzari
Cheibriados
Fedhas
Gozag
Hepliaklqana
Nemelex Xobeh
Okawaru
Uskayaw
Xom
Yredelemnul
The Shining One

Annotations:
D:7 1 runed translucent door, Crazy Yiuf

.............≈..
...#....#....<.≈≈....
#...#......≈≈..≈≈≈≈≈..
#...........≈≈≈≈≈≈≈≈≈.+ ..
....P.....≈≈≈≈≈≈≈≈≈≈.. ...
#...#......≈≈≈≈≈≈≈≈..+
...##...P......≈≈≈≈≈≈≈≈...
....#.......Y....≈≈≈......
...#....#..@Y.............
.......)...†R....#...##...
#...P....##P.#...........
.#######..........(..........
.................††..........
.........................((..
............##...#.......PP..
.........<..##.#†#.......((..
............P#....#.........


You could see the friendly Sofian the knight, an elephant (ally target) and a
yak.


Message History

You bludgeon the elephant!! You burn the elephant. You block the yak's attack.
The elephant tramples you but does no damage.
The elephant trunk-slaps you.
HP[-2]
You take 2 damage, and now have 57/104 hp.
You hit the elephant but do no damage. The yak gores you. x2
* * * LOW HITPOINT WARNING * * *
The water moccasin bites you but does no damage.
HP[-5]
You take 5 damage, and now have 52/104 hp.
Unknown command.
You thump the elephant! You burn the elephant.
You have got your breath back.
The water moccasin misses you. The yak gores you!
* * * LOW HITPOINT WARNING * * *
The yak barely misses you. You block the elephant's attack.
The elephant trunk-slaps you but does no damage.
The elephant tramples you.
* * * LOW HITPOINT WARNING * * *
You stumble backwards!
HP[-15]
You take 15 damage, and now have 37/104 hp.
You thump the elephant! You burn the elephant.
You kill the elephant!
The water moccasin barely misses you. x2; The elephant tramples you.
* * * LOW HITPOINT WARNING * * *
You hold your ground!
The elephant trunk-slaps you but does no damage.
HP[-3]
You take 3 damage, and now have 34/104 hp.
Aiming: Spit Poison (1% risk of failure)
Press: ? - help, Q - select action, (/) - cycle Shift-Dir - straight line, f - water moccasin
Aim: a water moccasin (43% to hit)
The splash of poison hits the water moccasin.
The water moccasin is poisoned.
You block the yak's attack. The water moccasin closely misses you.
The elephant tramples you!
* * * LOW HITPOINT WARNING * * *
You hold your ground!
You block the elephant's attack.
HP[-8]
You take 8 damage, and now have 26/104 hp.
You miss the water moccasin. You block the water moccasin's attack.
The yak closely misses you.
Sofian hits the yak with a +0 flail!
You block the elephant's attack.
The elephant trunk-slaps you but does no damage.
You sock the water moccasin! You burn the water moccasin.
The water moccasin bites you but does no damage.
You block the yak's attack. The yak completely misses you.
The water moccasin bites you but does no damage.
Sofian hits the yak with a +0 flail!
The elephant tramples you but does no damage.
You block the elephant's attack.
HP[+1]
You bludgeon the water moccasin!! You burn the water moccasin.
You kill the water moccasin!
The yak closely misses you. The yak gores you but does no damage.
Sofian hits the yak with a +0 flail!
The elephant tramples you!
* * * LOW HITPOINT WARNING * * *
You hold your ground!
The elephant trunk-slaps you.
* * * LOW HITPOINT WARNING * * *
HP[-11]
You take 11 damage, and now have 16/104 hp.
You bludgeon the yak!! You burn the yak.
You kill the yak!
The yak gores you.
* * * LOW HITPOINT WARNING * * *
The yak closely misses you.
The elephant tramples you but does no damage.
You block the elephant's attack.
HP[-1]
You take 1 damage, and now have 15/104 hp.
You hit the yak. You burn the yak.
You have got your breath back.
You block the yak's attack. The yak gores you but does no damage.
Sofian closely misses the yak.
The elephant completely misses you.
The elephant trunk-slaps you but does no damage.
HP[+1]
You sock the yak! You burn the yak. The yak gores you!
* * * LOW HITPOINT WARNING * * *
You block the yak's attack.
Sofian barely misses the yak.
The elephant tramples you but does no damage.
The elephant trunk-slaps you but does no damage.
HP[-8]
You take 8 damage, and now have 8/104 hp.
You thump the yak! You burn the yak.
You kill the yak!
The yak closely misses you.
Sofian hits the elephant with a +0 flail.
The elephant tramples you.
* * * LOW HITPOINT WARNING * * *
You hold your ground!
You block the elephant's attack.
Training target 10.0 for Fighting reached!
Your Fighting skill increases to level 10!
You need to enable at least one skill for training.
HP[-1]
You take 1 damage, and now have 7/104 hp.
You sock the elephant! You burn the elephant. You block the yak's attack.
Sofian hits the elephant but does no damage.
The elephant tramples you!
You die...

Skill      XL: |  1  2  3  4  5  6  7  8  9 10 11 12 |
---------------+-------------------------------------+-----
Axes           | 3 4 5 6 7 |  7.1
Evocations     | 1 5 8 |  8.0
Fighting       | 4 8 10 | 10.0
Shields        | 5 9 10 | 10.0
Maces & Flails | 6 |  6.5
Stealth        | 10 | 10.0
Armour         | |  2.4

Action                   |  1- 3 |  4- 6 |  7- 9 | 10-12 || total
-------------------------+-------+-------+-------+-------++-------
Melee: War axe           |   108 |       |       |       ||   108
       Broad axe         |    13 |   121 |    41 |       ||   175
       Flail             |       |       |   156 |   201 ||   357
Invok: Ancestor Life: Kn |       |       |     1 |       ||     1
       Recall Ancestor   |       |       |     1 |     2 ||     3
 Abil: Spit Poison       |    11 |    20 |    41 |    41 ||   113
Evoke: Wand              |       |       |    13 |     7 ||    20
  Use: Scroll            |       |       |     8 |     6 ||    14
 Stab: Distracted        |       |       |       |     2 ||     2
       Paralysed         |       |       |       |     1 ||     1
Armor: Scale mail        |    39 |    49 |   111 |    45 ||   244
       Chain mail        |       |       |       |    79 ||    79
Dodge: Dodged            |    60 |    91 |   146 |   186 ||   483
Block: Buckler           |    30 |    30 |    87 |   120 ||   267

Levels and vault maps discovered:
D:1:      sevenhm_arrival_forest_fort_small_5, layout_loops_corners,
          dreamdust_ecumenical_altar_statues
D:2:      layout_loops_ring, basic_altar
D:3:      layout_loops_ring, mainiacjoe_overflow_small_starburst, st_stairs_12,
          chequers_serial_rivers_large_a, uniq_natasha
D:4:      layout_basic, mainiacjoe_overflow_concentric_impassable,
          nicolae_overflow_crystal_walls, serial_co_window_serial,
          co_window_corner_a, co_window_paths_a, co_window_paths_a,
          co_window_paths_a, co_window_corner_a, co_window_broadway_a,
          co_window_corner_b, co_window_paths_c, co_window_4corner_a,
          co_window_paths_e, minmay_unequal
D:5:      layout_loops_ring, minmay_temple_entry_butterflies, minmay_checkerbox,
          uniq_edmund, uniq_duvessa
D:6:      layout_loops_ring
D:7:      nicolae_whirlpool, layout_rooms, xom_teletrap_fun,
          amcnicky_altar_gilded, minmay_overflow_temple_star_quad,
          roderic_batcave, uniq_crazy_yiuf_cottage
D:8:      layout_rooms, slow_altar_2, nrook_campfire
D:9:      layout_irregular_city, orc_0_dummy, uniq_joseph, uniq_psyche
D:10:     layout_basic, mainiacjoe_overflow_alcove_4, dpeg_oklobed_lair,
          enter_bailey_3, grunt_decor_cap, minmay_fractal_squares_5
D:11:     cheibrodos_lost_city_excavation, layout_rooms, gauntlet_entry_generic
D:12:     layout_small_grid
Lair:1:   layout_regular_city
Lair:2:   layout_regular_city, infiniplex_staircase_pool, lemuel_fruit_tree,
          uniq_sonja

Notes
Turn   | Place    | Note
-------+----------+-------------------------------------------
     0 | D:1      | zeratav the Naga Fighter began the quest for the Orb.
     0 | D:1      | Reached XP level 1. HP: 21/21 MP: 1/1
     0 | D:1      | magus.rc [v1.9.6]
   553 | D:1      | Reached XP level 2. HP: 22/28 MP: 2/2
  1066 | D:1      | Reached skill level 3 in Axes
  1557 | D:1      | Found a faded altar of an unknown god.
  1866 | D:2      | Reached XP level 3. HP: 34/34 MP: 3/3
  2161 | D:2      | Reached skill level 4 in Axes
  2304 | D:2      | Reached XP level 4. HP: 42/42 MP: 4/4
  2322 | D:2      | Found an opulent altar of Gozag.
  2571 | D:3      | Noticed Natasha
  2588 | D:3      | Killed Natasha
  2857 | D:3      | Noticed Natasha
  2863 | D:3      | Killed Natasha
  2864 | D:3      | Reached skill level 5 in Axes
  2864 | D:3      | Reached XP level 5. HP: 47/49 MP: 5/5
  2885 | D:3      | Found a hazy altar of Hepliaklqana.
  2899 | D:3      | Noticed Natasha
  2904 | D:3      | Killed Natasha
  3042 | D:3      | Identified the +2 scale mail "Qaanurph" {Dex+3}
  3655 | D:4      | Found a blossoming altar of Fedhas.
  3689 | D:4      | Found a sparkling altar of Nemelex Xobeh.
  3750 | D:3      | Became a worshipper of Hepliaklqana the Forgotten
  3994 | D:4      | You fall into a shaft and drop 2 floors!
  4004 | D:6      | Reached skill level 6 in Axes
  4018 | D:6      | Reached XP level 6. HP: 53/56 MP: 6/6
  4086 | D:6      | You pick up a book of Power and begin reading...
  4086 | D:6      | You add the spells Iskenderun's Battlesphere, Iron Shot and
                  | Spellforged Servitor to your library.
  4241 | D:6      | Reached skill level 7 in Axes
  4346 | D:5      | Entered Level 5 of the Dungeon
  4348 | D:5      | Noticed an acid dragon
  4669 | D:5      | Reached skill level 1 in Evocations
  4669 | D:5      | Reached XP level 7. HP: 62/62 MP: 7/7
  4692 | D:5      | Reached skill level 2 in Evocations
  4928 | D:4      | Reached * piety under Hepliaklqana
  5183 | D:4      | Reached skill level 3 in Evocations
  5553 | D:5      | Reached skill level 4 in Evocations
  5558 | D:5      | Noticed Edmund
  5572 | D:5      | Killed Edmund
  5573 | D:5      | Reached skill level 5 in Evocations
  5573 | D:5      | Reached XP level 8. HP: 57/62 MP: 8/8
  5631 | D:5      | Reached skill level 6 in Evocations
  5944 | D:5      | Noticed Duvessa
  5944 | D:5      | Noticed Dowan
  5951 | D:5      | Killed Duvessa
  5952 | D:5      | Reached skill level 7 in Evocations
  5957 | D:5      | Killed Dowan
  6190 | D:5      | Found a staircase to the Ecumenical Temple.
  6206 | D:5      | Reached skill level 8 in Evocations
  6244 | D:5      | Reached ** piety under Hepliaklqana
  6245 | D:5      | Remembered your ancestor Sofian as a knight
  6738 | D:7      | Found a shimmering altar of Xom.
  6745 | D:7      | Reached skill level 4 in Fighting
  6754 | D:6      | Reached XP level 9. HP: 36/71 MP: 9/9
  7174 | D:7      | Found a broken altar of Ashenzari.
  7222 | D:7      | Reached skill level 5 in Fighting
  7232 | D:7      | Noticed a hornet
  7237 | D:7      | Killed a hornet
  7238 | D:7      | Reached skill level 6 in Fighting
  7414 | D:7      | Found a basalt altar of Yredelemnul.
  7419 | D:7      | Found an iron altar of Okawaru.
  7424 | D:7      | Found a glowing golden altar of the Shining One.
  7543 | D:7      | Reached skill level 7 in Fighting
  7665 | D:7      | Reached skill level 8 in Fighting
  7665 | D:7      | Reached skill level 3 in Shields
  7844 | D:7      | Found a runed translucent door.
  7845 | D:7      | Noticed Crazy Yiuf
  7887 | D:7      | You pick up a book of Burglary and begin reading...
  7887 | D:7      | You add the spells Passwall, Ensorcelled Hibernation and
                  | Swiftness to your library.
  8306 | D:8      | Identified a +1 robe of the Archmagi
  8331 | D:8      | Reached skill level 4 in Shields
  8359 | D:8      | Identified the +8 flail of Utziujust {flame, Int+2}
  8383 | D:8      | Reached skill level 5 in Shields
  8390 | D:8      | Reached XP level 10. HP: 52/86 MP: 10/10
  8724 | D:8      | Found a snail-covered altar of Cheibriados.
  9017 | D:9      | Reached skill level 6 in Shields
  9055 | D:9      | Reached *** piety under Hepliaklqana
  9079 | D:9      | Noticed Joseph
  9083 | D:9      | Noticed a seven-headed hydra
  9087 | D:9      | Killed a seven-headed hydra
  9088 | D:9      | Reached skill level 7 in Shields
  9088 | D:9      | Killed Joseph
  9090 | D:9      | Found a staircase to the Orcish Mines.
  9286 | D:9      | Reached skill level 8 in Shields
  9545 | D:9      | Identified a +2 robe of the Archmagi
  9545 | D:9      | Noticed Psyche
  9550 | D:9      | Killed Psyche
  9608 | D:9      | HP: 16/86 [orc warrior/+0 trident (7)]
  9930 | D:9      | Reached skill level 9 in Shields
 10260 | D:10     | Entered Level 10 of the Dungeon
 10296 | D:10     | Found a staircase to the Lair.
 10436 | D:10     | Reached **** piety under Hepliaklqana
 10449 | D:10     | Found a flagged portal.
 10459 | Bailey   | Entered a bailey
 10480 | Bailey   | Reached XP level 11. HP: 78/92 MP: 11/11
 10575 | Bailey   | Noticed an orc knight
 10594 | Bailey   | Killed an orc knight
 10595 | Bailey   | Reached skill level 10 in Shields
 10595 | Bailey   | Reached skill level 2 in Maces & Flails
 10660 | Bailey   | Found a large runed translucent door.
 10660 | Bailey   | Found a large runed translucent door.
 10661 | Bailey   | Noticed a deep elf pyromancer
 10887 | Bailey   | Killed a deep elf pyromancer
 10888 | Bailey   | Reached skill level 3 in Maces & Flails
 10907 | Bailey   | Identified the +9 mace of Gluttony {vorpal, rF+ Str-2 Int+2
                  | Dex+2}
 11049 | D:10     | Reached skill level 4 in Maces & Flails
 11466 | D:10     | Found a hide-covered altar of Uskayaw.
 11980 | D:11     | Noticed a two-headed ogre
 11990 | D:11     | Reached skill level 5 in Maces & Flails
 12132 | D:11     | You pick up a book of Touch and begin reading...
 12132 | D:11     | You add the spells Static Discharge, Sticky Flame and
                  | Dispel Undead to your library.
 12159 | D:11     | Noticed a two-headed ogre
 12168 | D:11     | Killed a two-headed ogre
 12174 | D:11     | You pick up a book of Changes and begin reading...
 12174 | D:11     | You add the spells Beastly Appendage, Wereblood and Spider
                  | Form to your library.
 12194 | D:11     | HP: 14/92 [fire elemental (10)]
 12196 | D:11     | Reached skill level 6 in Maces & Flails
 12551 | D:11     | Noticed a deep elf pyromancer
 12553 | D:11     | Killed a two-headed ogre
 12554 | D:11     | Reached skill level 3 in Stealth
 12560 | D:11     | Killed a deep elf pyromancer
 12561 | D:11     | Reached skill level 4 in Stealth
 12740 | D:11     | Noticed a deep elf pyromancer
 12756 | D:11     | Killed a deep elf pyromancer
 12757 | D:11     | Reached skill level 6 in Stealth
 12759 | D:11     | Noticed a deep elf pyromancer
 12766 | D:11     | Killed a deep elf pyromancer
 12767 | D:11     | Reached skill level 7 in Stealth
 12816 | D:11     | Noticed a wizard
 12832 | D:11     | Killed a wizard
 12833 | D:11     | Reached skill level 8 in Stealth
 12942 | D:11     | Noticed a cyclops
 12949 | D:11     | Killed a cyclops
 12950 | D:11     | Reached skill level 9 in Stealth
 13096 | D:11     | Noticed a wizard
 13105 | D:11     | Killed a wizard
 13106 | D:11     | Reached skill level 10 in Stealth
 13350 | Lair:1   | Entered Level 1 of the Lair of Beasts
 13429 | Lair:1   | Reached XP level 12. HP: 60/100 MP: 12/12
 13812 | Lair:1   | Reached ***** piety under Hepliaklqana
 14445 | Lair:2   | Noticed Sonja
 14451 | Lair:2   | Killed Sonja
 14452 | Lair:2   | Reached skill level 9 in Fighting
 14634 | Lair:2   | HP: 26/104 [elephant (8)]
 14640 | Lair:2   | HP: 8/104 [yak (8)]
 14642 | Lair:2   | Reached skill level 10 in Fighting
 14642 | Lair:2   | Slain by an elephant

Vanquished Creatures
  A hydra (D:9)
  A two-headed ogre (D:11)
  Sonja (Lair:2)
  A wizard (D:11)
  An orc knight (Bailey)
  3 deep elf pyromancers (D:11)
  A cyclops (D:11)
  Joseph (D:9)
  2 elephants (Lair:2)
  A cane toad (Lair:2)
  Psyche (D:9)
  A rime drake (Lair:1)
  4 yaks
  A shadow (D:9)
  A wyvern (D:10)
  A fire elemental (D:11)
  Edmund (D:5)
  An acid dragon (D:9)
  Duvessa (D:5)
  4 water moccasins
  6 orc warriors
  An ice beast (D:8)
  A black bear (D:4)
  2 sky beasts
  2 ogres (D:5)
  6 centaurs
  A phantom (D:5)
  2 kobold brigands
  A bullfrog (Lair:2)
  2 necrophages (D:5)
  2 scorpions (D:5)
  3 wights (D:10)
  Dowan (D:5)
  A howler monkey (D:4)
  6 hounds
  2 jellies (D:6)
  5 orc priests
  2 iguanas
  11 orc wizards
  Natasha (thrice) (D:3)
  10 gnolls
  7 adders
  2 white imps
  An ufetubus (D:5)
  2 worms
  A dart slug (D:4)
  22 orcs
  7 endoplasms
  4 giant cockroaches
  5 hobgoblins
  5 jackals
  18 kobolds
  A quokka (D:4)
  7 ball pythons
  6 bats
  4 frilled lizards
  9 goblins
  5 rats
205 creatures vanquished.

Vanquished Creatures (collateral kills)
  A two-headed ogre (D:11)
  A deep elf pyromancer (Bailey)
  A wizard (D:11)
  A komodo dragon (Lair:1)
  A hornet (D:7)
  A vampire (D:9)
  A yak (D:9)
  A wraith (D:10)
  A fire elemental (D:11)
  An acid dragon (D:11)
  4 orc warriors
  A black bear (D:8)
  An ice beast (D:8)
  5 centaurs
  2 kobold brigands
  A bullfrog (Lair:2)
  A scorpion (D:5)
  2 wights (D:10)
  2 electric eels
  2 orc priests
  A gnoll shaman (D:10)
  An iron imp (D:8)
  3 iguanas
  5 orc wizards
  6 gnolls
  16 orcs
  3 goblins (D:10)
  10 kobolds
  A ball python (D:4)
  A bat (D:7)
  2 butterflies (D:5)
80 creatures vanquished.

Vanquished Creatures (others)
  3 knights
  2 ancestors
  A fungus (Lair:2)
  7 plants
13 creatures vanquished.

Grand Total: 298 creatures vanquished

Table legend:
 A = Non-vault XP
 B = Vault XP
 C = Vault XP percentage of total XP
 D = Non-vault monster count
 E = Vault monster count
 F = Vault count percentage of total count
                 A         B        C        D         E       F
            +---------+---------+-------+---------+---------+-------
      Total |   13644 |    8646 |  38.8 |     232 |      51 |  18.0
            +---------+---------+-------+---------+---------+-------
        D:1 |      29 |       0 |   0.0 |      21 |       0 |   0.0
        D:2 |      60 |       0 |   0.0 |      22 |       0 |   0.0
        D:3 |     110 |      50 |  31.2 |      16 |       3 |  15.8
        D:4 |     220 |       5 |   2.2 |      14 |       2 |  12.5
        D:5 |     916 |     537 |  37.0 |      24 |       7 |  22.6
        D:6 |     463 |       0 |   0.0 |      11 |       0 |   0.0
        D:7 |    1064 |     458 |  30.1 |      20 |       9 |  31.0
        D:8 |     989 |      40 |   3.9 |      23 |       1 |   4.2
        D:9 |    2847 |    1043 |  26.8 |      36 |       3 |   7.7
       D:10 |     822 |     490 |  37.3 |      16 |       9 |  36.0
       D:11 |    2831 |    3452 |  54.9 |      15 |       7 |  31.8
     Lair:1 |    1030 |       0 |   0.0 |       4 |       0 |   0.0
     Lair:2 |    2263 |     782 |  25.7 |      10 |       1 |   9.1
     Bailey |       0 |    1789 | 100.0 |       0 |       9 | 100.0
            +---------+---------+-------+---------+---------+-------

Illustrated notes

Table legend:
 A = Kills in this place as a percentage of kills in entire the game.
 B = Kills by you in this place as a percentage of kills by you in the entire game.
 C = Kills by friends in this place as a percentage of kills by friends in the entire game.
 D = Other kills in this place as a percentage of other kills in the entire game.
 E = Experience gained in this place as a percentage of experience gained in the entire game.
 F = Experience gained in this place divided by the number of levels of this place that you have seen.
                   A       B       C       D       E      F
               +-------+-------+-------+-------+-------+----------------------
         Total | 100.0 | 100.0 | 100.0 |   N/A | 100.0 | 1486.0
       Dungeon |  91.5 |  91.7 |  91.0 |   N/A |  73.7 | 1368.8
          Lair |   5.3 |   5.9 |   3.8 |   N/A |  18.3 | 2037.5
        Bailey |   3.2 |   2.4 |   5.1 |   N/A |   8.0 | 1789.0
               +-------+-------+-------+-------+-------+----------------------

Table legend: (Time is in decaauts)
 A = Elapsed time spent in this place.
 B = Non-inter-level travel time spent in this place.
 C = Inter-level travel time spent in this place.
 D = Time resting spent in this place.
 E = Time spent auto-exploring this place.
 F = Levels seen in this place.
 G = Mean time per level.
                   A        B        C        D        E       F      G
               +--------+--------+--------+--------+--------+-----+--------+
         Total |  18239 |  17429 |    810 |   4013 |   8791 |  15 | 1215.9 |
       Dungeon |  16024 |  15255 |    769 |   3369 |   8018 |  12 | 1335.3 |
          Lair |   1585 |   1545 |     40 |    466 |    654 |   2 |  792.5 |
        Bailey |    629 |    629 |      0 |    178 |    118 |   1 |  629.0 |
               +--------+--------+--------+--------+--------+-----+--------+

Top non-repeatable levels by time:
     D:1: 2119 daAuts
     D:9: 1820 daAuts
     D:4: 1702 daAuts
    D:10: 1693 daAuts
     D:6: 1558 daAuts
  Lair:1: 1363 daAuts
     D:3: 1355 daAuts
     D:5: 1315 daAuts
     D:7: 1234 daAuts
    D:11: 1195 daAuts
     D:2: 1017 daAuts
     D:8: 1010 daAuts
  Bailey: 629 daAuts
  Lair:2: 222 daAuts
    D:12: 1 daAuts
